 Dungeon Crawl Stone Soup version 0.16.2-2-g470672f (webtiles) character file.

318 monobi the Ruffian (level 6, 55/55 HPs)
             Began as a Minotaur Monk on Sept 2, 2015.
             Starved to death
             ... on level 4 of the Dungeon.
             The game lasted 00:10:12 (3311 turns).

monobi the Ruffian (Minotaur Monk)                  Turns: 3311, Time: 00:10:12

Health: 55/55      AC:  6    Str: 16    XL:     6   Next: 21%
Magic:  3/3        EV: 13    Int:  7    God:
Gold:   151        SH:  4    Dex: 14    Spells: 0 memorised, 5 levels left

rFire  . . .     SeeInvis .       - Unarmed
rCold  . . .     Clarity  .     u - +2 leather armour {rPois}
rNeg   . . .     SustAb   .     d - +0 buckler
rPois  +         Gourm    .     (helmet restricted)
rElec  .         Spirit   .     (no cloak)
rCorr  .         Warding  .     g - +0 pair of gloves
rMut   .         Stasis   .     (no boots)
MR     .....                    (no amulet)
Stlth  ++........               (no ring)
                                (no ring)

@: starving, not resistant to hostile enchantments, unstealthy
A: retaliatory headbutt, horns 2
a: no special abilities


You were on level 4 of the Dungeon.
You were starving.

You visited 1 branch of the dungeon, and saw 4 of its levels.

You collected 151 gold pieces.

Inventory:

Hand weapons
 l - a -3 blowgun
Missiles
 v - 13 poisoned needles
Armour
 d - a +0 buckler (worn)
 g - a +0 pair of gloves (worn)
 u - a +2 leather armour of poison resistance (worn)
Jewellery
 a - an uncursed ring of ice
 x - an uncursed ring of magical power {unknown}
Scrolls
 c - a scroll of immolation {unknown}
 h - 6 scrolls of remove curse
 i - 6 scrolls of identify {unknown}
 m - 2 scrolls of amnesia {unknown}
 p - 3 scrolls of recharging {unknown}
 q - 2 scrolls of teleportation {unknown}
 r - a scroll of magic mapping {unknown}
Potions
 e - a potion of might {unknown}
 j - 2 potions of agility {unknown}
 k - 2 potions of ambrosia {unknown}
 s - a potion of lignification
 t - a potion of haste {unknown}
Comestibles
 b - a bread ration
 f - a royal jelly
 n - a meat ration
 o - a fruit


   Skills:
 + Level 4.9 Fighting
 + Level 1.1 Throwing
 + Level 2.5 Armour
 + Level 4.6 Dodging
 + Level 1.7 Stealth
 + Level 0.8 Shields
 + Level 6.0 Unarmed Combat


You had 5 spell levels left.
You didn't know any spells.

Dungeon Overview and Level Annotations

Branches:
Dungeon (4/15)
 Temple: D:4-7

Altars:
Cheibriados
Elyvilon
Gozag
Kikubaaqudgha
Qazlal
Ru
Trog


Innate Abilities, Weirdness & Mutations

You reflexively headbutt those who attack you in melee.
You have a pair of horns on your head.


Message History

You swing at nothing.
You see here an adder corpse.
You swing at nothing.
You swing at nothing.
There is a sacrificial altar of Ru here.
There is a sacrificial altar of Ru here.
You lose consciousness!
You can move again.
You see here an adder corpse.
You see here an adder corpse.
You lose consciousness!
You can move again.
There is a sacrificial altar of Ru here.
There is a sacrificial altar of Ru here.
You lose consciousness!
You can move again.
You see here an adder skeleton.
You see here an adder skeleton.
You have starved to death.
You die...

##..### ###...## #....##......
#..# ##<..# #....######## ##..#
#.#..## ##.....# # #..##
###...###......## ...#
#.....##........###### ...# ###
###....#.#..............
...###.###...#...#...............
.....##.##..#.##.#........##.####
................@............รท.##
...........#...#.##.....#.......#
..####.....##....##............##
.## #.###..##....##............##
## ### ##.#.....##........##...# #
#### ##.......................
####..###..................###...
.#.##..........................##
(........................#......#


There were no monsters in sight!

Vanquished Creatures
  A hound (D:4)
  2 orc wizards
  An iguana (D:4)
  A worker ant (D:4)
  Robin (D:2)
  6 adders
  4 worms
  6 giant geckos
  6 orcs
  7 bats
  11 hobgoblins
  4 jackals (D:2)
  10 kobolds
  2 ball pythons
  3 giant cockroaches
  5 giant newts
  12 goblins
  8 rats
90 creatures vanquished.

Notes
Turn   | Place    | Note
--------------------------------------------------------------
     0 | D:1      | monobi, the Minotaur Monk, began the quest for the Orb.
     0 | D:1      | Reached XP level 1. HP: 19/19 MP: 1/1
   244 | D:1      | Reached XP level 2. HP: 25/27 MP: 1/1
   747 | D:2      | Reached skill level 5 in Unarmed Combat
   747 | D:2      | Reached XP level 3. HP: 26/33 MP: 2/2
   777 | D:2      | Noticed Robin
   793 | D:2      | Killed Robin
   884 | D:2      | Found a stormy altar of Qazlal.
   903 | D:2      | Found an ancient bone altar of Kikubaaqudgha.
   905 | D:2      | Found an opulent altar of Gozag.
   907 | D:2      | Found a bloodstained altar of Trog.
   907 | D:2      | Found a white marble altar of Elyvilon.
   907 | D:2      | Found a snail-covered altar of Cheibriados.
  1045 | D:2      | Reached XP level 4. HP: 33/40 MP: 2/2
  1193 | D:2      | Reached skill level 1 in Armour
  1568 | D:3      | Reached XP level 5. HP: 37/47 MP: 2/2
  2392 | D:4      | Reached skill level 1 in Throwing
  2398 | D:4      | Found a sacrificial altar of Ru.
  2438 | D:4      | Reached XP level 6. HP: 35/55 MP: 3/3
  2983 | D:4      | Reached skill level 6 in Unarmed Combat
  3311 | D:4      | Starved to death

Action                   |  1- 3 |  4- 6 || total
-------------------------+-------+-------++-------
Melee: Unarmed           |    85 |   126 ||   211
 Fire: Blowgun           |       |    14 ||    14
  Use: Potion            |     1 |       ||     1
       Scroll            |       |     1 ||     1
 Stab: Sleeping          |       |     1 ||     1
  Eat: Chunk             |       |     3 ||     3
       Fruit             |       |     2 ||     2
